 Dungeon Crawl Stone Soup version 0.30-a0-802-gb92711bcdf (webtiles) character file.

Game seed: 7673877842498798787

52 Demosthentine the Poker (level 3, -4/28 HPs)
             Began as a Demonspawn Gladiator on Feb 25, 2023.
             Slain by a gnoll
             ... wielding a +2 flail of holy wrath
              (9 damage)
             ... on level 2 of the Dungeon.
             The game lasted 00:00:56 (891 turns).

Demosthentine the Poker (Demonspawn Gladiator)       Turns: 891, Time: 00:00:57

Health: -4/28      AC:  5    Str: 14    XL:     3   Next: 60%
Magic:  3/3        EV: 12    Int:  9    God:
Gold:   69         SH:  0    Dex: 16    Spells: 2/2 levels left

rFire   . . .      SeeInvis .    a - +0 trident
rCold   . . .      Faith    .    (no shield)
rNeg    . . .      Spirit   .    b - +0 leather armour
rPois   .          Reflect  .    c - +0 helmet
rElec   .          Harm     .    (no cloak)
rCorr   .          Rampage  .    (no gloves)
Will    .....                    (no boots)
Stlth   +                        (no amulet)
HPRegen 0.24/turn                (no ring)
MPRegen 0.08/turn                (no ring)

@: no status effects
A: sharp scales 1, weakness stinger 1
a: no special abilities


You were on level 2 of the Dungeon.
You visited 1 branch of the dungeon, and saw 2 of its levels.

You collected 69 gold pieces.

Inventory:

Hand Weapons
 a - a +0 trident (weapon)
Missiles
 d - 3 throwing nets (quivered)
 e - a javelin
Armour
 b - a +0 leather armour (worn)
 c - a +0 helmet (worn)
Scrolls
 f - a scroll of torment
Potions
 j - a potion of magic


   Skills:
 + Level 2.6 Fighting
 + Level 3.1 Polearms
 - Level 1.7 Throwing
 + Level 1.2 Armour
 + Level 3.1 Dodging


You had 2 spell levels left.
You didn't know any spells.
Your spell library was empty.

Dungeon Overview and Level Annotations

Branches:
Dungeon (2/15)

Altars:


Innate Abilities, Weirdness & Mutations

You are partially covered in razor-sharp scales. (AC +1, Slay +1)
You have a small tail.


Message History

The bat hits you but does no damage.
You reach to attack!
You hit the bat.
You kill the bat!
Key pressed, stopping explore.
No target in view!
No target in view!
No target in view!
HP restored.
Found a stone staircase leading up.
No target in view!
There is a stone staircase leading up here.
The gnoll shouts!
You hear a shout!
You see here a clear potion.
There are monsters nearby!
There are monsters nearby!
There are monsters nearby!
Unknown command.
You reach to attack!
You hit the gnoll but do no damage.
The gnoll hits you from afar with a +0 halberd!
The gnoll closely misses you.
You hit the gnoll.
The gnoll is lightly wounded.
The gnoll misses you.
The gnoll hits you with a +2 flail of holy wrath.
You convulse.
You barely miss the gnoll. You tail-slap the gnoll.
The gnoll is moderately wounded.
The gnoll hits you but does no damage. The gnoll closely misses you.
The gnoll hits you with a +2 flail of holy wrath.
You convulse.
You see here a clear potion.
The gnoll attacks as you move away! The gnoll barely misses you.
The gnoll attacks as you move away!
The gnoll hits you with a +2 flail of holy wrath.
You convulse.
The gnoll attacks as you move away!
The gnoll hits you with a +2 flail of holy wrath.
* * * LOW HITPOINT WARNING * * *
You convulse!
You die...

........##.#
#######.##<#
#.##.# #.##.#
#.##.####
#.##....# #
#<##....#..
#.........#
#######@...####
.......g.......
#####...g...###
#.........).#
#.###..g....#
##.!....#
##g..#.#
#...##.# #.###
#


You could see 2 gnolls and 2 hobgoblins.

Vanquished Creatures
  2 gnolls
  A dart slug (D:1)
  3 ball pythons (D:1)
  5 endoplasms (D:1)
  2 hobgoblins (D:1)
  3 quokkas
  3 bats
  2 frilled lizards (D:1)
  4 goblins (D:1)
  2 kobolds (D:1)
  2 rats (D:1)
29 creatures vanquished.

Notes
Turn   | Place    | Note
-------+----------+-------------------------------------------
     0 | D:1      | Demosthentine the Demonspawn Gladiator began the quest for
                  | the Orb.
     0 | D:1      | Reached XP level 1. HP: 16/16 MP: 1/1
   203 | D:1      | Gained mutation: You have a small tail. [demonic ancestry]
   203 | D:1      | Reached XP level 2. HP: 22/22 MP: 2/2
   601 | D:1      | Reached skill level 1 in Armour
   601 | D:1      | Gained mutation: You are partially covered in razor-sharp
                  | scales. (AC +1, Slay +1) [demonic ancestry]
   601 | D:1      | Reached XP level 3. HP: 28/28 MP: 3/3
   891 | D:2      | Slain by a gnoll

Illustrated notes

Levels and vault maps discovered:
D:1:      roderic_dead_forest, layout_loops_ring
D:2:      layout_loops_ring, patterned_corridor

Skill      XL: |  1  2 |
---------------+-------+-----
Polearms       | 3 |  3.1
Dodging        | 3 |  3.1
Armour         | 1 |  1.2
Fighting       | |  2.6
Throwing       | |  1.7

Action                     || total
---------------------------++-------
  Melee: Trident           ||    75
         Tailslap          ||     8
  Throw: Throwing net      ||     2
    Use: Scroll            ||     4
 Armour: Leather armour    ||    17
  Dodge: Dodged            ||    39

Table legend: (Time is in decaauts)
 A = Elapsed time spent in this place.
 B = Non-inter-level travel time spent in this place.
 C = Inter-level travel time spent in this place.
 D = Time resting spent in this place.
 E = Time spent auto-exploring this place.
 F = Levels seen in this place.
 G = Mean time per level.
                   A        B        C        D        E       F      G
               +--------+--------+--------+--------+--------+-----+--------+
         Total |    901 |    868 |     33 |     74 |    613 |   2 |  450.5 |
       Dungeon |    901 |    868 |     33 |     74 |    613 |   2 |  450.5 |
               +--------+--------+--------+--------+--------+-----+--------+

Top non-repeatable levels by time:
     D:1: 757 daAuts
     D:2: 144 daAuts
